 Dungeon Crawl Stone Soup version 0.30-a0-462-gd5975efbca (webtiles) character file.

Game seed: 13405443999474516905

2993 tilp the Carver (level 10, 0/84 HPs)
             Began as a Meteoran Fighter on Dec 16, 2022.
             Was a Follower of Makhleb.
             Killed from afar by a gargoyle (20 damage)
             ... with a stone arrow
             ... on level 7 of the Dungeon.
             The game lasted 00:15:27 (2625 turns).

tilp the Carver (Meteoran Fighter)                  Turns: 2625, Time: 00:15:28

Health: 0/84       AC: 10    Str: 18    XL:     10   Next: 30%
Magic:  14/14      EV:  9    Int: 10    God:    Makhleb [*.....]
Gold:   142        SH: 10    Dex: 18    Spells: 9/9 levels left

rFire   . . .      SeeInvis .    a - +0 scimitar
rCold   . . .      Faith    .    n - +0 kite shield
rNeg    . . .      Spirit   .    f - +0 chain mail
rPois   .          Reflect  .    (no helmet)
rElec   .          Harm     .    d - +0 cloak
rCorr   .          Rampage  .    (no gloves)
Will    +....                    (no boots)
Stlth   ..........               (no amulet)
HPRegen 0.34/turn                (no ring)
MPRegen 0.14/turn                (no ring)

@: hasted, glowing, very quick
A: sense surroundings 2, otherworldly, glowing, explore regen
a: Renounce Religion


You were on level 7 of the Dungeon.
You worshipped Makhleb.
Makhleb was aware of your devotion.
You visited 2 branches of the dungeon, and saw 9 of its levels.

You collected 219 gold pieces.
You spent 77 gold pieces at shops.

Inventory:

Hand Weapons
 a - a +0 scimitar (weapon)
 b - a +0 long sword
Missiles
 g - 2 boomerangs (quivered)
 l - a throwing net
Armour
 c - a +0 buckler
 d - a +0 cloak (worn)
 f - a +0 chain mail (worn)
 h - a +0 scale mail
 n - a +0 kite shield (worn)
Jewellery
 e - a ring of fire
Wands
 k - a wand of flame (26)
 o - a wand of charming (8)
Scrolls
 i - a scroll of blinking {unknown}
Potions
 j - a potion of curing
 m - a potion of haste
 p - a potion of cancellation
 q - a potion of berserk rage {unknown}
 r - a potion of attraction {unknown}
 s - a potion of ambrosia {unknown}


   Skills:
 + Level 6.4 Fighting
 + Level 8.4 Long Blades
 - Level 4.0 Armour
 + Level 8.3 Dodging
 - Level 4.0 Stealth
 + Level 4.6 Shields
 + Level 4.8 Invocations
 + Level 3.2 Evocations


You had 9 spell levels left.
You didn't know any spells.
Your spell library was empty.

Dungeon Overview and Level Annotations

Branches:
Dungeon (8/15) Zot: 2102   Temple (1/1) D:4 Zot: 541
   Lair: D:8-11

Altars:
Ashenzari
Cheibriados
Dithmenos
Fedhas
Gozag
Hepliaklqana
Kikubaaqudgha
Makhleb
Okawaru
Sif Muna
Wu Jian
Xom
Yredelemnul
The Shining One

Shops:
D:4 ?

Annotations:
D:4 Duvessa, Edmund


Innate Abilities, Weirdness & Mutations

You passively map the area around you.
You are easily found by Zot.
You glow in the dark.
You regain HP and MP as you explore.


Message History

Makhleb accepts your kill.
Prince Ribbit returns to his original shape as he dies.
The orc hits you but does no damage.
You closely miss the orc. You block the orc's attack.
You hit the orc.
The orc is heavily wounded.
The orc completely misses you.
You hit the orc but do no damage.
The orc is heavily wounded.
The orc barely misses you.
You hit the orc.
You kill the orc!
Makhleb accepts your kill.
You feel better.
You feel yourself speed up. You block the orc's attack.
Unknown command.
You completely miss the orc. The orc hits you but does no damage.
You hit the orc.
The orc is heavily wounded.
You block the orc's attack.
You closely miss the orc.
The orc is heavily wounded.
The orc hits you but does no damage.
You slash the orc!
You kill the orc!
Makhleb accepts your kill. The gargoyle hits you with a +0 mace!
* * * LOW HITPOINT WARNING * * *
Items here: ! )) [[ †.
You hit the gargoyle but do no damage. You hit the gargoyle but do no damage.
The gargoyle hits you with a +0 mace.
* * * LOW HITPOINT WARNING * * *
You hit the gargoyle but do no damage. The gargoyle hits you with a +0 mace!
* * * LOW HITPOINT WARNING * * *
You hit the gargoyle but do no damage. You slash the gargoyle!
The gargoyle is moderately damaged.
The gargoyle hurls a stone arrow at you.
The stone arrow hits you!!
You die...

.......##)#...##.#.##########.#..
.......##)#._....#...............
#########)#...#[.........#* #....
#.....'..........###.....
#######..................
#######............ #####....##..
########### #....# *
#.†.@9....###....# **
#...#######...#....# #.# *
###.#....# * #. *, ** #..##### *
, ,, , ##.# * ,, , #.# * ,* ,, ,,
..# * * *, , .... ,, * * , ,
.oo.#*


You could see a gargoyle.

Vanquished Creatures
  Prince Ribbit (D:7)
  Sigmund (D:6)
  4 yaks
  A wyvern (D:6)
  A black bear (D:6)
  2 sky beasts
  An ogre (D:5)
  A centaur (D:7)
  A phantom (D:6)
  2 bullfrogs (D:6)
  A gnoll sergeant (D:7)
  4 scorpions
  2 necrophages
  Dowan (D:4)
  5 killer bees (D:7)
  2 howler monkeys (D:7)
  A hound (D:6)
  2 jellies (D:6)
  An orc priest (D:7)
  Jessica (D:2)
  3 iguanas
  An orc wizard (D:7)
  7 gnolls
  7 adders
  A shadow imp (D:7)
  2 ufetubi (D:6)
  3 worms (D:2)
  2 dart slugs
  14 orcs
  A ball python (D:2)
  3 endoplasms
  2 giant cockroaches
  4 goblins
  5 hobgoblins
  15 jackals
  4 quokkas
  A bat (D:2)
  5 frilled lizards
  4 kobolds
  4 rats
123 creatures vanquished.

Notes
Turn   | Place    | Note
-------+----------+-------------------------------------------
     0 | D:1      | tilp the Meteoran Fighter began the quest for the Orb.
     0 | D:1      | Reached XP level 1. HP: 19/19 MP: 2/2
    37 | D:1      | Reached XP level 2. HP: 22/26 MP: 3/3
    58 | D:1      | Reached skill level 1 in Dodging
   118 | D:2      | Reached XP level 3. HP: 10/31 MP: 4/4
   133 | D:2      | Found a faded altar of an unknown god.
   144 | D:2      | Noticed Jessica
   154 | D:2      | Killed Jessica
   155 | D:2      | Reached XP level 4. HP: 37/40 MP: 5/5
   240 | D:2      | Reached skill level 1 in Stealth
   254 | D:1      | Reached XP level 5. HP: 32/46 MP: 6/6
   610 | D:4      | Noticed Dowan
   645 | D:4      | Killed Dowan
   645 | D:4      | Noticed Duvessa
   646 | D:4      | Reached XP level 6. HP: 51/52 MP: 7/7
   737 | D:3      | Found a basalt altar of Yredelemnul.
   946 | D:4      | Found Towo's Magic Scroll Emporium.
   957 | D:4      | Bought a scroll of identify for 22 gold pieces
   957 | D:4      | Bought a scroll of teleportation for 33 gold pieces
   957 | D:4      | Bought a scroll of identify for 22 gold pieces
  1065 | D:4      | Reached XP level 7. HP: 53/59 MP: 8/8
  1070 | D:5      | Entered Level 5 of the Dungeon
  1136 | D:4      | Found a staircase to the Ecumenical Temple.
  1145 | Temple   | Entered the Ecumenical Temple
  1175 | Temple   | Became a worshipper of Makhleb the Destroyer
  1202 | D:4      | Noticed Edmund
  1293 | D:5      | Reached skill level 1 in Evocations
  1304 | D:5      | Reached skill level 1 in Invocations
  1433 | D:6      | Found an iron altar of Okawaru.
  1503 | D:6      | Reached skill level 5 in Long Blades
  1503 | D:6      | Reached skill level 5 in Dodging
  1503 | D:6      | Reached XP level 8. HP: 46/67 MP: 8/10
  1727 | D:6      | Found a shimmering altar of Xom.
  1727 | D:6      | Noticed Sigmund
  1771 | D:6      | Killed Sigmund
  1781 | D:6      | Reached skill level 5 in Fighting
  1810 | D:6      | Found a broken altar of Ashenzari.
  1832 | D:6      | Gained mutation: You passively map the area around you.
                  | [Meteoran growth]
  1832 | D:6      | Reached XP level 9. HP: 74/74 MP: 12/12
  2146 | D:7      | Found a snail-covered altar of Cheibriados.
  2163 | D:7      | Reached * piety under Makhleb
  2472 | D:7      | Reached XP level 10. HP: 64/83 MP: 14/14
  2581 | D:7      | Noticed a gargoyle
  2581 | D:7      | Noticed Prince Ribbit
  2610 | D:7      | Killed Prince Ribbit
  2625 | D:7      | Killed from afar by a gargoyle

Illustrated notes

Levels and vault maps discovered:
D:1:      minmay_arrival_open_corners, layout_basic,
          chequers_serial_rivers_large_b, chequers_serial_rivers_micro_e
D:2:      minmay_chambers_of_twos, layout_loops_cross, basic_altar,
          hellmonk_ecumenical_altar_zigzags, serial_rivers,
          chequers_serial_rivers_small_a, chequers_serial_rivers_small_b,
          chequers_serial_rivers_micro_b, chequers_serial_rivers_room_b,
          uniq_jessica
D:3:      layout_basic, mainiacjoe_overflow_surrounded_room
D:4:      layout_basic, minmay_temple_entry_hall, serial_shops,
          nicolae_lakefront_shop, uniq_edmund, uniq_pikel, uniq_duvessa,
          uniq_eustachio, uniq_crazy_yiuf_cottage
D:5:      layout_cave_pods, mainiacjoe_overflow_small_starburst, zin_statuary,
          gammafunk_temple_overflow_pools
D:6:      layout_basic, mainiacjoe_overflow_large_starburst,
          mainiacjoe_overflow_cross_hatched, kennysheep_generic_room_11,
          uniq_sigmund
D:7:      cheibrodos_statue_roulette, layout_basic, cheibriados_altar_1,
          uniq_prince_ribbit1
D:8:      layout_rooms, general_overflow_altar
Temple:   chequers_temple_sunken

Skill      XL: |  1  2  3  4  5  6  7  8  9 10 |
---------------+-------------------------------+-----
Dodging        | 1 2 3 4 5 6 8 |  8.3
Long Blades    | 3 4 5 6 8 |  8.4
Armour         | 4 |  4.0
Shields        | 4 |  4.6
Stealth        | 1 2 3 4 |  4.0
Fighting       | 4 5 6 |  6.4
Evocations     | 1 2 3 |  3.2
Invocations    | 1 3 4 |  4.8

Action                   |  1- 3 |  4- 6 |  7- 9 | 10-12 || total
-------------------------+-------+-------+-------+-------++-------
Melee: Long sword        |    55 |    46 |       |       ||   101
       Scimitar          |       |   122 |   294 |    59 ||   475
Evoke: Wand              |       |       |       |     1 ||     1
  Use: Potion            |     1 |       |     4 |     1 ||     6
       Scroll            |       |     6 |     3 |       ||     9
Armor: Scale mail        |    18 |       |       |       ||    18
       Chain mail        |    23 |   119 |   141 |    25 ||   308
       Skin              |       |       |    69 |       ||    69
Dodge: Dodged            |    19 |    65 |   100 |    15 ||   199
Block: Buckler           |    16 |    42 |    71 |       ||   129
       Kite shield       |       |       |    45 |    29 ||    74

Table legend: (Time is in decaauts)
 A = Elapsed time spent in this place.
 B = Non-inter-level travel time spent in this place.
 C = Inter-level travel time spent in this place.
 D = Time resting spent in this place.
 E = Time spent auto-exploring this place.
 F = Levels seen in this place.
 G = Mean time per level.
                   A        B        C        D        E       F      G
               +--------+--------+--------+--------+--------+-----+--------+
         Total |   2755 |   2435 |    320 |     28 |      0 |   9 |  306.1 |
       Dungeon |   2697 |   2398 |    299 |     28 |      0 |   8 |  337.1 |
        Temple |     58 |     37 |     21 |      0 |      0 |   1 |   58.0 |
               +--------+--------+--------+--------+--------+-----+--------+

Top non-repeatable levels by time:
     D:6: 722 daAuts
     D:7: 475 daAuts
     D:2: 454 daAuts
     D:4: 362 daAuts
     D:3: 252 daAuts
     D:1: 191 daAuts
     D:5: 185 daAuts
  Temple: 58 daAuts
     D:8: 53 daAuts
